 Dungeon Crawl Stone Soup version 0.30-a0-1158-gd85ba11b5a (webtiles) character file.

Game seed: 8524156174693080055

157 tilp the Digger (level 5, -34/41 HPs)
             Began as a Meteoran Earth Elementalist on Apr 24, 2023.
             Killed by an exploding goblin (35 damage)
             ... ignited by their inner flame
             ... on level 4 of the Dungeon.
             The game lasted 00:06:11 (1318 turns).

tilp the Digger (Meteoran Earth Elementalist)       Turns: 1318, Time: 00:06:12

Health: -34/41     AC:  4    Str: 10    XL:     5   Next: 99%
Magic:  0/11       EV: 13    Int: 18    God:
Gold:   85         SH:  0    Dex: 14    Spells: 6/10 levels left

rFire   . . .        a - +0 flail
rCold   . . .        (no shield)
rNeg    . . .        d - +0 robe
rPois   .            (no helmet)
rElec   .            (no cloak)
rCorr   .            h - +1 pair of gloves
SInv    .            (no boots)
Will    .....        i - amulet of guardian spirit
Stlth   +            (no ring)
HPRegen 0.26/turn    (no ring)
MPRegen 0.12/turn

%: guardian spirit
@: glowing
A: sense surroundings 1, otherworldly, glowing, explore regen
a: no special abilities


You were on level 4 of the Dungeon.
You visited 1 branch of the dungeon, and saw 5 of its levels.

You collected 85 gold pieces.

Inventory:

Hand Weapons
 a - a +0 flail (weapon)
Missiles
 e - 21 stones (quivered)
 g - 5 javelins
Armour
 d - a +0 robe (worn)
 h - a +1 pair of gloves (worn)
Jewellery
 i - an amulet of guardian spirit (around neck)
Wands
 j - a wand of mindburst (6)
Scrolls
 c - 2 scrolls of identify
Potions
 f - a potion of flight


   Skills:
 * Level 2.3 Fighting
 + Level 2.0 Maces & Flails
 + Level 0.9 Throwing
 + Level 3.2 Dodging
 - Level 1.4 Stealth
 + Level 3.4 Spellcasting
 + Level 0.8 Conjurations
 - Level 1.2 Transmutations
 * Level 4.8 Earth Magic
 + Level 0.8 Evocations


You had 6 spell levels left.
You knew the following spells:

 Your Spells              Type           Power      Damage    Failure   Level
a - Sandblast             Erth           40%        2d10      2%          1
b - Stone Arrow           Conj/Erth      26%        3d8       14%         3

Your spell library contained the following spells:

 Spells                   Type           Power      Damage    Failure   Level
 Passwall                 Tmut/Erth      10%        N/A       7%          2
 Shock                    Conj/Air       16%        1d4       13%         1
 Dazzling Flash           Conj/Hex       8%         N/A       36%         3
 Petrify                  Tmut/Erth      13%        N/A       41%         4
 Swiftness                Air            3%         N/A       43%         3
 Tukima's Dance           Hex            3%         N/A       43%         3
 Airstrike                Air            1%         2d(1-17)  83%         4
 Passage of Golubria      Tloc           3%         N/A       83%         4
 Yara's Violent Unravell  Hex/Tmut       2%         3d3       98%         5
 Agony                    Necr           3%         N/A       99%         5
 Silence                  Hex/Air        1%         N/A       99%         5


Dungeon Overview and Level Annotations

Branches:
Dungeon (5/15) Zot: 1635
 Temple: D:4-7

Altars:


Innate Abilities, Weirdness & Mutations

You passively map a small area around you.
You are easily found by Zot.
You glow in the dark.
You regain HP and MP as you explore.


Message History

Confirm with . or Enter, or press ? or * to list all spells.
Aiming: Sandblast (safe; 2% risk of failure)
Press: ? - help, Shift-Dir - straight line, f - goblin
Aim: a goblin, wielding a +0 club (strong, 79% to hit)
The blast of sand hits the goblin!
You kill the goblin!
The goblin hits you but does no damage. The goblin misses you.
The goblin hits you but does no damage. The hobgoblin closely misses you.
The goblin hits you with a +0 club.
* * * LOW HITPOINT WARNING * * *
As you read the scroll labelled HAOLI IPIECH, it crumbles to dust.
The creatures around you are filled with an inner flame!
It was a scroll of immolation.
The goblin no longer looks unusually strong. x3
The goblin closely misses you. The goblin hits you but does no damage.
The hobgoblin hits you.
* * * LOW HITPOINT WARNING * * *
Unknown command.
Magic courses through your body. The goblin hits you with a +0 dagger.
* * * LOW HITPOINT WARNING * * *
The goblin closely misses you. The hobgoblin misses you.
Unknown command.
Unknown command.
Aiming: Mindburst
Press: ? - help, Shift-Dir - straight line, f - hobgoblin
Aim: a hobgoblin (inner flame, strong, chance to affect: 81%)
The hobgoblin's mind is blasted!
The hobgoblin explodes!
The fiery explosion engulfs the goblin!
The fiery explosion engulfs Robin.
Flame seeps out of Robin.
Robin is moderately wounded.
The fiery explosion engulfs the goblin!!!
The fiery explosion engulfs you!!
* * * LOW HITPOINT WARNING * * *
The fiery explosion engulfs the goblin!!
The fiery explosion engulfs the goblin!!!
The goblin explodes!
The fiery explosion engulfs Robin!!
The fiery explosion engulfs you!!
Ouch! That really hurt!
You die...

#g, #.. * .##..#
..#.g.
#.....#######
#........§§##
####..[....§§@#
####.......)..○§##
#.........).#####
............#
............#
............#
............#
............#
............# ,


There were no monsters in sight!

Vanquished Creatures
  An orc wizard (D:3)
  Robin (D:4)
  4 gnolls (D:4)
  3 adders (D:4)
  A worm (D:2)
  4 dart slugs
  5 orcs
  3 ball pythons
  3 bats
  An endoplasm (D:1)
  2 giant cockroaches
  11 goblins
  5 hobgoblins
  3 quokkas
  3 frilled lizards
  3 kobolds
  6 rats
59 creatures vanquished.

Notes
Turn   | Place    | Note
-------+----------+-------------------------------------------
     0 | D:1      | tilp the Meteoran Earth Elementalist began the quest for
                  | the Orb.
     0 | D:1      | Reached XP level 1. HP: 14/14 MP: 5/5
   125 | D:1      | Reached XP level 2. HP: 20/22 MP: 4/6
   216 | D:1      | Reached skill level 1 in Fighting
   350 | D:2      | Reached XP level 3. HP: 26/28 MP: 6/8
   390 | D:2      | Reached skill level 4 in Earth Magic
   429 | D:2      | Reached skill level 1 in Maces & Flails
   539 | D:3      | Reached XP level 4. HP: 33/36 MP: 6/9
   562 | D:3      | Learned a level 3 spell: Stone Arrow
  1004 | D:4      | Reached XP level 5. HP: 41/41 MP: 8/10
  1288 | D:5      | Entered Level 5 of the Dungeon
  1304 | D:4      | Noticed Robin
  1318 | D:4      | HP: 1/41 [spore (9)]
  1318 | D:4      | Killed Robin
  1318 | D:4      | Killed by an exploding goblin... ignited by their inner
                  | flame

Illustrated notes

Levels and vault maps discovered:
D:1:      ncdulo_watergridlock, layout_basic
D:2:      layout_loops_ring, chequers_serial_rivers_micro_e
D:3:      layout_loops_corners, minmay_bisected
D:4:      layout_cave_pods, serial_glass, glass_columns_a, glass_columns_a,
          uniq_sigmund, uniq_robin, uniq_eustachio
D:5:      layout_rooms, grunt_temple_overflow_order_and_chaos_1,
          wad_rectangle_vault

Skill      XL: |  1  2  3  4  5 |
---------------+----------------+-----
Fighting       | 1 2 |  2.3
Earth Magic    | 4 |  4.8
Spellcasting   | 3 |  3.4
Maces & Flails | 1 2 |  2.0
Dodging        | 3 |  3.2
Throwing       | |  0.9
Stealth        | |  1.4
Conjurations   | |  0.8
Transmutations | |  1.2
Evocations     | |  0.8

Action                     |  1- 3 |  4- 6 || total
---------------------------+-------+-------++-------
  Melee: Flail             |     2 |     9 ||    11
  Throw: Stone             |       |     1 ||     1
   Cast: Sandblast         |    26 |    53 ||    79
  Evoke: Wand              |       |     4 ||     4
    Use: Scroll            |     1 |     1 ||     2
         Potion            |       |     1 ||     1
 Armour: Robe              |     1 |    18 ||    19
  Dodge: Dodged            |     3 |    50 ||    53

Table legend: (Time is in decaauts)
 A = Elapsed time spent in this place.
 B = Non-inter-level travel time spent in this place.
 C = Inter-level travel time spent in this place.
 D = Time resting spent in this place.
 E = Time spent auto-exploring this place.
 F = Levels seen in this place.
 G = Mean time per level.
                   A        B        C        D        E       F      G
               +--------+--------+--------+--------+--------+-----+--------+
         Total |   1364 |   1123 |    241 |      0 |      0 |   5 |  272.8 |
       Dungeon |   1364 |   1123 |    241 |      0 |      0 |   5 |  272.8 |
               +--------+--------+--------+--------+--------+-----+--------+

Top non-repeatable levels by time:
     D:3: 680 daAuts
     D:2: 287 daAuts
     D:1: 250 daAuts
     D:4: 144 daAuts
     D:5: 1 daAuts
